Map: Para Site LE

Players

Bunny - Winner!

  • Race: Terran Terran
  • League: Bronze
  • Spawn Location: 11:00

Solar

  • Race: Zerg Zerg
  • League: Master
  • Spawn Location: 5:00

Event: IEM Season 13 - Katowice Server Qualifiers Asia 1

VOD

Have the link to the VOD?

Description

Time

  • Played on: Jan. 14, 2019, 6:24 a.m.
  • Length: 8:52

All games in this series

Show
View Real Time Build Order
Export as new Build Order

Bunny Terran - Winner!

Build Orders: Reaper Expand, Hellion Banshee 

Get SALT Encoding   

  12  0:00  SCV  
  13  0:12  SCV  
  14  0:17  Supply Depot  
  14  0:24  SCV  
  15  0:38  SCV  
  15  0:40  Barracks  
  16  0:43  Refinery  
  16  0:50  SCV  
  17  1:03  SCV  
  18  1:15  SCV  
  19  1:27  Reaper, Orbital Command  
  20  1:38  Command Center  
  20  1:49  Supply Depot  
  20  1:52  SCV  
  21  1:59  Marine  
  22  2:04  SCV  
  22  2:05  Factory  
  23  2:10  Refinery  
  23  2:16  SCV  
  23  2:20  Barracks Reactor  
  24  2:28  SCV  
  25  2:40  SCV  
  26  2:50  Starport, Orbital Command  
  26  2:52  SCV  
  27  3:00  Hellion x2  
  27  3:03  Barracks Tech Lab  
  27  3:05  SCV  
  32  3:17  SCV x2  
  34  3:22  Hellion x2  
  38  3:30  SCV x2  
  38  3:31  Supply Depot  
  38  3:32  Viking  
  42  3:42  SCV  
  42  3:43  Hellion  
  42  3:44  SCV  
  46  3:52  Supply Depot  
  46  3:53  Hellion  
  48  4:02  Banshee  
  51  4:03  Armory  
  51  4:04  Barracks Tech Lab, Hellion  
  51  4:05  SCV  
  54  4:10  Cloaking Field  
  54  4:14  SCV  
  54  4:15  Hellion  
  57  4:18  SCV  
  57  4:20  Supply Depot  
  58  4:26  SCV  
  58  4:29  Hellion  
  58  4:30  SCV  
  62  4:41  SCV  
  62  4:42  Hellion  
  62  4:43  SCV  
  62  4:44  Banshee, Supply Depot  
  69  4:53  SCV  
  69  4:56  Command Center, Stimpack  
  70  5:06  SCV  
  72  5:08  Supply Depot x2  
  72  5:13  SCV  
  72  5:14  Barracks x2  
  72  5:18  Factory Reactor, SCV  
  73  5:28  Marine  
  69  5:31  SCV  
  69  5:32  SCV, Engineering Bay x2  
  71  5:39  Starport Reactor  
  71  5:43  SCV  
  71  5:44  SCV  
  71  5:48  Marine  
  72  5:53  Refinery  
  72  5:54  Refinery  
  72  5:56  SCV x2  
  64  6:04  Marine x2  
  64  6:08  SCV x2  
  64  6:10  Widow Mine, Terran Infantry Armor Level 1, Terran Infantry Weapons Level 1  
  64  6:12  Barracks  
  64  6:14  Barracks  
  64  6:17  Orbital Command  
  64  6:18  Marine x3  
  61  6:22  Marine, Medivac  
  61  6:25  Medivac  
  68  6:28  Missile Turret  
  68  6:30  Missile Turret  
  68  6:34  Missile Turret  
  68  6:37  Widow Mine  
  67  6:41  Marine x4  
  67  6:42  Marine  
  67  6:46  SCV x2  
  74  6:50  Supply Depot  
  74  6:53  Medivac  
  76  6:55  Medivac  
  76  6:59  Marine x3, Widow Mine  
  76  7:00  Barracks Reactor, Orbital Command  
  83  7:03  Barracks Reactor  
  83  7:05  Combat Shield  
  83  7:06  Marine x2  
  85  7:11  SCV x2  
  87  7:17  Marine x3  
  87  7:22  Widow Mine  
  92  7:24  Marine x2  
  92  7:26  Medivac x2  
  98  7:30  SCV x2  
  98  7:35  Marine x3  
  103  7:42  Marine x2  
  103  7:43  SCV x2  
  107  7:48  Marine x3  
  107  7:49  Marine  
  106  7:52  Marine  
  106  7:56  Widow Mine, Medivac x2  
  110  7:59  Marine  
  110  8:05  Supply Depot  
  111  8:06  Supply Depot  
  111  8:07  Supply Depot  
  111  8:09  Marine x2, Orbital Command  
  104  8:39  Supply Depot x4  
  104  8:40  Supply Depot  
Show
View Real Time Build Order
Export as new Build Order

Solar Zerg 

Build Orders: Hatch First 

Get SALT Encoding   

  12  0:01  Drone  
  13  0:12  Overlord  
  13  0:17  Drone  
  14  0:31  Drone x2  
  16  0:47  Hatchery  
  15  0:51  Drone  
  16  0:57  Drone  
  16  0:58  Drone  
  18  1:05  Extractor  
  17  1:15  Spawning Pool  
  17  1:16  Drone  
  17  1:19  Drone  
  18  1:28  Drone  
  19  1:38  Drone  
  20  1:50  Overlord  
  20  2:02  Queen x2, Zergling x4  
  26  2:08  Metabolic Boost  
  26  2:11  Drone x2  
  28  2:28  Hatchery  
  27  2:30  Drone  
  27  2:34  Drone  
  27  2:36  Drone  
  30  2:44  Queen  
  30  2:48  Overlord  
  32  2:52  Drone  
  32  2:55  Drone x2  
  35  2:58  Drone  
  36  3:08  Spore Crawler  
  36  3:09  Drone x2  
  36  3:11  Drone  
  36  3:12  Drone  
  40  3:14  Drone  
  40  3:16  Drone  
  41  3:20  Queen  
  41  3:24  Overlord  
  41  3:26  Drone  
  44  3:36  Overlord  
  44  3:40  Lair  
  44  3:41  Queen  
  44  3:42  Drone x2  
  44  3:45  Drone  
  49  3:48  Zergling x2  
  49  3:49  Zergling x2  
  49  3:50  Zergling x2  
  49  3:54  Overlord  
  52  3:57  Extractor x2  
  52  3:59  Drone x3  
  53  4:04  Queen  
  53  4:06  Drone  
  53  4:09  Overlord  
  56  4:10  Drone  
  56  4:14  Drone x2  
  59  4:19  Drone x3  
  59  4:21  Drone x2  
  59  4:24  Drone  
  65  4:27  Overlord  
  65  4:28  Drone  
  65  4:30  Drone x2  
  67  4:36  Extractor, Zergling x2  
  67  4:37  Zergling x2  
  68  4:41  Spire  
  68  4:42  Overseer  
  67  4:45  Overlord  
  67  4:47  Overseer  
  67  4:51  Drone  
  67  4:52  Drone  
  69  4:53  Spore Crawler  
  69  4:54  Drone  
  69  4:55  Drone  
  69  4:56  Drone  
  69  4:57  Drone  
  69  4:59  Drone  
  73  5:01  Drone  
  73  5:06  Overlord  
  74  5:07  Drone x2  
  74  5:10  Drone x2  
  74  5:12  Queen  
  80  5:16  Spine Crawler  
  80  5:19  Zergling x6  
  82  5:26  Zergling x2  
  78  5:30  Zergling x2  
  78  5:31  Zergling x8  
  78  5:33  Zergling x2  
  78  5:34  Queen x2  
  84  5:40  Zergling x2  
  79  5:43  Zergling x4  
  79  5:47  Zergling x4  
  79  5:48  Queen  
  73  5:51  Zergling x4  
  73  5:54  Zergling x4  
  70  5:59  Mutalisk  
  70  6:00  Mutalisk  
  69  6:04  Mutalisk  
  69  6:07  Mutalisk  
  69  6:14  Mutalisk x2  
  69  6:17  Mutalisk  
  71  6:22  Mutalisk  
  72  6:30  Zergling x10  
  77  6:39  Mutalisk  
  79  6:41  Zergling x4  
  79  6:44  Mutalisk  
  83  6:48  Overlord  
  83  6:49  Zergling x6  
  83  6:53  Baneling Nest  
  85  6:56  Mutalisk  
  85  6:58  Overlord  
  85  7:00  Zergling x2  
  88  7:03  Zergling x2  
  88  7:04  Zergling x6  
  88  7:06  Overlord  
  88  7:07  Zergling x2  
  93  7:13  Overlord  
  91  7:20  Zergling x10  
  96  7:23  Overlord  
  96  7:24  Overlord  
  96  7:28  Mutalisk  
  98  7:34  Zergling x12  
  104  7:41  Overlord  
  104  7:42  Overlord  
  104  7:56  Zergling x12  
  108  8:04  Baneling x9  
  108  8:05  Baneling x9  
  108  8:08  Zergling x4  
  108  8:11  Baneling x2  
  109  8:16  Zergling x4  
  109  8:17  Zergling x2  
  111  8:20  Baneling x2  

Tags
 
Add a new tag
Caveats
  • Supply blocks, unpowered buildings, or Contaminate may cause inaccurate times.
  • Supply counts are checked every 10 seconds.